Map: Triton LE

Players

Serral - Winner!

  • Race: Zerg Zerg
  • League: Master
  • Spawn Location: 5:00

PtitDrogo

  • Race: Protoss Protoss
  • League: Grandmaster
  • Spawn Location: 11:00

Event: HomeStory Cup XX

VOD

Have the link to the VOD?

Description

Time

  • Played on: Nov. 22, 2019, 12:07 p.m.
  • Length: 6:57

All games in this series

Show
View Real Time Build Order
Export as new Build Order

Serral Zerg - Winner!

Build Orders: Hatch First 

Get SALT Encoding   

  12  0:00  Drone  
  13  0:12  Overlord  
  13  0:16  Drone  
  14  0:30  Drone x2  
  16  0:49  Hatchery  
  15  0:51  Drone  
  15  0:55  Drone  
  17  0:58  Drone  
  18  1:09  Extractor  
  17  1:14  Spawning Pool  
  17  1:17  Drone  
  17  1:20  Drone  
  18  1:29  Drone  
  19  1:38  Overlord  
  19  1:49  Drone  
  20  2:01  Queen x2  
  20  2:02  Zergling x4  
  26  2:11  Drone x2  
  28  2:22  Drone x2  
  30  2:37  Pneumatized Carapace  
  30  2:38  Hatchery  
  29  2:45  Queen  
  29  2:50  Overlord  
  31  2:53  Drone  
  31  2:56  Drone  
  31  2:57  Drone  
  34  3:00  Drone  
  34  3:02  Drone  
  36  3:10  Drone  
  36  3:11  Drone x2  
  36  3:12  Drone  
  40  3:16  Overlord  
  40  3:20  Drone x2  
  40  3:24  Metabolic Boost  
  42  3:31  Spore Crawler  
  42  3:33  Queen  
  43  3:37  Drone x2  
  45  3:41  Spore Crawler, Drone  
  45  3:48  Overlord  
  45  3:50  Drone  
  45  3:52  Queen  
  45  3:54  Drone  
  49  4:00  Drone  
  47  4:03  Drone  
  47  4:05  Drone  
  47  4:06  Drone  
  47  4:08  Spore Crawler, Drone x2  
  51  4:11  Drone  
  51  4:13  Drone  
  53  4:19  Drone, Roach Warren  
  53  4:22  Extractor  
  53  4:23  Extractor, Overlord  
  51  4:27  Zergling x4  
  53  4:33  Zergling x8  
  53  4:36  Overlord  
  57  4:39  Overlord  
  57  4:59  Roach x8  
  73  5:03  Roach  
  73  5:04  Roach  
  77  5:12  Roach x3  
  81  5:18  Roach x2  
  81  5:19  Overlord  
  82  5:24  Zergling x6  
  85  5:30  Zergling x6  
  88  5:37  Ravager x2  
  88  5:40  Overlord  
  88  5:41  Zergling x8  
  93  5:45  Ravager x2  
  93  5:49  Zergling x6  
  97  5:54  Zergling x2  
  97  5:55  Overlord  
  98  6:00  Zergling x6  
  98  6:01  Zergling x2  
  102  6:08  Zergling x6  
  101  6:11  Ravager  
  101  6:12  Ravager x2  
  101  6:13  Queen  
  103  6:19  Zergling x8  
  107  6:26  Ravager x2  
  107  6:29  Zergling x2  
  107  6:30  Zergling x8  
  111  6:37  Zergling x6  
Show
View Real Time Build Order
Export as new Build Order

PtitDrogo Protoss 

Build Orders: 1 Gate Expand, Oracle Opening, Zealot Archon, Archon Drop 

Get SALT Encoding   

  12  0:00  Probe  
  13  0:12  Probe  
  14  0:20  Pylon  
  14  0:25  Probe  
  15  0:34  Probe  
  15  0:39  Gateway  
  15  0:42  Probe  
  16  0:47  Assimilator  
  17  0:52  Probe  
  18  1:04  Probe  
  19  1:16  Probe  
  20  1:23  Nexus  
  20  1:34  Cybernetics Core  
  20  1:36  Probe  
  21  1:44  Assimilator  
  21  1:48  Probe  
  21  1:52  Pylon  
  22  2:00  Probe  
  22  2:01  Adept  
  23  2:13  Probe  
  26  2:17  Stargate  
  26  2:29  Warp Gate, Probe  
  26  2:35  Stalker, Probe  
  29  2:37  Probe  
  29  2:43  Probe  
  30  2:45  Probe  
  32  2:53  Probe  
  32  2:54  Oracle  
  32  2:56  Probe  
  34  3:05  Probe  
  38  3:08  Probe  
  38  3:12  Pylon  
  39  3:17  Probe  
  39  3:18  Gateway  
  40  3:20  Probe  
  40  3:25  Oracle  
  41  3:29  Probe  
  41  3:32  Probe  
  46  3:41  Probe  
  46  3:45  Nexus  
  46  3:48  Probe  
  48  3:55  Probe  
  49  4:00  Probe  
  50  4:07  Assimilator, Probe  
  50  4:09  Pylon, Assimilator  
  49  4:11  Twilight Council  
  49  4:12  Forge  
  49  4:15  Probe  
  50  4:20  Probe  
  50  4:21  Protoss Ground Weapons Level 1  
  50  4:22  Robotics Facility  
  51  4:27  Adept  
  51  4:28  Probe  
  51  4:29  Zealot  
  56  4:32  Probe, Charge  
  57  4:40  Probe  
  57  4:44  Probe  
  59  4:52  Probe  
  60  4:56  Probe  
  61  5:02  Gateway x2  
  61  5:04  Probe  
  61  5:06  Gateway  
  62  5:10  Zealot  
  62  5:11  Probe, Zealot  
  62  5:12  Probe  
  66  5:16  Probe  
  65  5:22  Templar Archives  
  65  5:24  Probe x2  
  65  5:25  Warp Prism  
  69  5:37  Gateway x2  
  69  5:43  Probe, Zealot  
  69  5:44  Probe  
  69  5:45  Probe  
  74  5:52  Pylon  
  74  5:54  Gateway  
  74  5:56  Pylon  
  77  6:08  Immortal  
  77  6:10  High Templar x4  
  77  6:11  Zealot  
  73  6:15  Archon x2  
  72  6:25  Pylon  
  66  6:26  Pylon  
  66  6:30  Pylon  
  65  6:32  Pylon  
  65  6:35  Zealot x2  
  65  6:36  Zealot  
  58  6:49  Zealot x2  
  58  6:50  Zealot x2  
  58  6:51  Zealot x2  
  56  6:54  Zealot  
Tags
 
Add a new tag
Caveats
  • Supply blocks, unpowered buildings, or Contaminate may cause inaccurate times.
  • Supply counts are checked every 10 seconds.